 Dungeon Crawl Stone Soup version 0.18-a0-1577-gf591c28 (webtiles) character file.

48766 namename2 the Brawler (level 14, -3/118 HPs)
             Began as a Ghoul Gladiator on Mar 20, 2016.
             Was the Champion of Kikubaaqudgha.
             Slain by a swamp worm (18 damage)
             ... on level 6 of the Lair of Beasts.
             The game lasted 01:59:04 (18882 turns).

namename2 the Brawler (Ghoul Gladiator)            Turns: 18882, Time: 01:59:08

Health: -3/118     AC: 19    Str: 20    XL:     14   Next: 47%
Magic:  23/25      EV: 12    Int: 10    God:    Kikubaaqudgha [******]
Gold:   1145       SH:  4    Dex:  9    Spells: 3 memorised, 10 levels left

rFire  + . .     SeeInvis .       - Unarmed
rCold  + . .     Gourm    .     E - +1 scale mail of Leuxzoe {rF+ MR+}
rNeg   + + +     Faith    .     W - +0 buckler
rPois  ∞         Spirit   .     b - +2 helmet
rElec  .         Dismiss  .     K - +0 cloak
rCorr  .         Reflect  .     I - +3 pair of gauntlets of War {Slay+5}
SustAt .         Harm     .     v - +0 pair of boots
MR     ++...                    (no amulet)
Stlth  ..........               N - +3 ring of intelligence
                                w - ring of magical power

@: rotting, very resistant to hostile enchantments, extremely unstealthy
A: rotting body, claws 1, carnivore 3, cold resistance 1, negative energy
resistance 3, slow regeneration 1, torment resistance, unbreathing
a: Receive Corpses, Torment, Brand Weapon With Pain, Receive Necronomicon,
Renounce Religion


You were on level 6 of the Lair of Beasts.
You worshipped Kikubaaqudgha.
Kikubaaqudgha was exalted by your worship.
You were not hungry.

You visited 3 branches of the dungeon, and saw 19 of its levels.
You also visited: Sewer, Bailey and Ice Cave.

You collected 1410 gold pieces.
You spent 265 gold pieces at shops.

Inventory:

Hand Weapons
 m - a +1 blowgun
Missiles
 c - 3 throwing nets
 u - 2 needles of sleeping
 z - 31 poisoned needles
 B - 46 tomahawks of returning (quivered)
 V - 12 curare-tipped needles
Armour
 b - a +2 helmet (worn)
 v - a +0 pair of boots (worn)
 E - the +1 scale mail of Leuxzoe (worn) {rF+ MR+}
   (You found it on level 4 of the Lair of Beasts)

   It protects you from fire.
   It affects your resistance to hostile enchantments.
 I - the +3 pair of gauntlets of War (worn) {Slay+5}
   (You found it on level 10 of the Dungeon)

   It affects your accuracy and damage with ranged weapons and melee attacks
   (+5).
 K - a +0 cloak (worn)
 W - a +0 buckler (worn)
Rods
 X - a +3 rod of inaccuracy (13/13)
   (You found it in an ice cave)
Jewellery
 l - an uncursed ring of fire
 w - a ring of magical power (left hand)
 N - a +3 ring of intelligence (right hand)
Wands
 g - a wand of enslavement (13/24)
 A - a wand of digging (12/24)
 L - a wand of lightning (3/15)
 P - a wand of lightning (11/15)
 Q - a wand of iceblast (7/15)
 S - a wand of iceblast (3/15)
 U - a wand of iceblast (7/15)
 Y - a wand of lightning (3/15)
Scrolls
 e - a scroll of identify
 f - 2 scrolls of remove curse
 h - 4 scrolls of amnesia
 p - 8 scrolls of teleportation
 q - 2 scrolls of blinking
 r - 3 scrolls of fear
 t - 4 scrolls of magic mapping
 y - 2 scrolls of fog
 H - a scroll of enchant armour
 M - 3 scrolls of recharging
Potions
 a - 3 potions of curing
 i - 6 potions of flight
 j - 2 potions of might
 k - 5 potions of brilliance
 o - 3 potions of magic
 s - a potion of invisibility
 D - a potion of resistance
 T - a potion of ambrosia
 Z - 2 potions of cancellation
Books
 C - Kikubaaqudgha's Papyrus of Evil Rituals
   (Kikubaaqudgha gifted it to you on level 8 of the Dungeon)

   Spells                             Type                      Level
   a - Animate Skeleton               Necromancy                   1
   b - Pain                           Necromancy                   1
   c - Corpse Rot                     Necromancy                   2
   d - Vampiric Draining              Necromancy                   3
   e - Control Undead                 Necromancy                   4
 R - Kikubaaqudgha's Handbook of Stolen Souls
   (Kikubaaqudgha gifted it to you on level 11 of the Dungeon)

   Spells                             Type                      Level
   a - Animate Dead                   Necromancy                   4
   b - Excruciating Wounds            Charms/Necromancy            5
   c - Bolt of Draining               Conjuration/Necromancy       5
   d - Dispel Undead                  Necromancy                   5
   e - Simulacrum                     Ice/Necromancy               6
Miscellaneous
 n - 2 phantom mirrors
 G - a lamp of fire
Comestibles
 d - 13 meat rations
 x - 2 beef jerkies
 F - 10 slices of pizza
 O - 15 royal jellies


   Skills:
 - Level 9.0 Fighting
 - Level 8.0 Throwing
 - Level 7.0 Armour
 - Level 7.6 Dodging
 - Level 4.1 Shields
 + Level 16.5 Unarmed Combat
 - Level 2.0 Spellcasting
 - Level 10.0 Necromancy


You had 10 spell levels left.
You knew the following spells:

 Your Spells              Type           Power        Failure   Level  Hunger
a - Animate Skeleton      Necr           N/A          1%          1    ##.....
b - Corpse Rot            Necr           N/A          1%          2    ###....
c - Animate Dead          Necr           N/A          14%         4    #####..


Dungeon Overview and Level Annotations

Branches:
Dungeon (12/15)            Temple (1/1) D:6            Lair (6/8) D:9
  Swamp (0/4) Lair:4        Snake (0/4) Lair:5          Orc (0/2) D:11
  Slime: Lair:6-8

Altars:
Ashenzari
Cheibriados
Dithmenos
Elyvilon
Fedhas
Gozag
Kikubaaqudgha
Makhleb
Nemelex Xobeh
Okawaru
Pakellas
Qazlal
Ru
Sif Muna
Vehumet
Xom
Yredelemnul
Zin
The Shining One

Shops:
D:4 *   D:9 (   D:10 ?(%?:

Annotations:
D:5 Eustachio
D:8 Grum
D:9 exclusion: ice statue


Innate Abilities, Weirdness & Mutations

Your body is rotting away.
You thrive on raw meat.
You are immune to poison.
You have sharp fingernails.
You are carnivorous and can eat meat at any time.
Your flesh is cold resistant.
You are immune to negative energy.
You regenerate slowly when monsters are visible.
You are immune to unholy pain and torment.
You can survive without breathing.


Message History

* * * LOW HITPOINT WARNING * * *
Your swamp worm zombie bites the swamp worm!
Your swamp worm zombie completely misses the swamp worm.
The swamp worm bites your swamp worm zombie!
Your swamp worm zombie bites the swamp worm!
The swamp worm dies!
Kikubaaqudgha accepts your kill.
J - a chunk of flesh You see here a swamp worm corpse.
Eat a chunk of flesh? (ye/n/q/i?) This raw flesh tastes great!
You continue eating. x2
You swap places.
A swamp worm bursts forth from the water.
The swamp worm bites you!
* * * LOW HITPOINT WARNING * * *
Your swamp worm zombie bites the swamp worm!
The swamp worm bites you!!
You die...
Kikubaaqudgha rasps: "You have failed me!
Welcome... oblivion!"

##..........##................#
#..........P.#...............##
#.............................#
..............................#
............≈≈≈≈≈≈≈..........###
..........≈≈≈≈≈≈≈≈≈≈≈..........#
.......#.≈≈≈#######≈≈≈.......P##
......P##≈≈≈#≈≈Z≈≈##≈≈.......##
.......##≈≈≈≈≈≈†@Z%#≈≈........##
.P...####≈≈≈#≈≈ZZw##≈≈..P....#.#
.#....# #≈≈≈#######≈≈≈.......###
.#....####≈≈≈≈≈≈≈≈≈≈≈........##
......P##...≈≈≈≈≈≈≈...........#
.....P##.....................##
.....P......####........P....#
....PP.###P#.##.........#....###
.....### ####.#..............#.#


You could see a swamp worm, a friendly yak zombie and 3 friendly swamp worm
zombies.

Vanquished Creatures
  The ghost of Amnesiac the Earth Mage, an adept DEWz of Vehumet (IceCv)
  Gastronok (D:10)
  Snorg (D:12)
  2 hydras
  A fire dragon (Lair:5)
  A centaur warrior (D:11)
  4 death yaks (Lair:3)
  Sonja (Lair:3)
  2 unseen horrors
  2 hill giants
  An orc knight (Bailey)
  A necromancer (Lair:5)
  2 cyclopes (D:11)
  A deep elf mage (D:12)
  2 ugly things
  2 black mambas
  4 elephants
  A torpor snail (Lair:4)
  4 ice statues
  4 spiny frogs
  3 kobold demonologists (D:11)
  8 komodo dragons
  An ice devil (Lair:4)
  A queen bee (D:12)
  2 polar bears
  3 trolls (D:12)
  10 blink frogs
  A two-headed ogre (D:12)
  The ghost of crauler the Caller, an amateur KoSu of Sif Muna (D:4)
  Sigmund (D:3)
  2 wraiths
  A wyvern (D:11)
  A basilisk (Lair:6)
  41 yaks
  A human (D:8)
  4 hippogriffs
  2 hungry ghosts
  Menkaure (D:7)
  7 nagas (Lair:5)
  4 swamp worms (Lair:6)
  7 water moccasins
  2 hell hounds (D:9)
  13 porcupines
  16 ice beasts
  Duvessa (D:6)
  A swamp drake (D:11)
  A sky beast (D:7)
  A wasp (D:12)
  8 orc warriors
  A phantom (D:8)
  A necrophage (D:8)
  A wolf (Lair:4)
  3 ogres
  11 centaurs
  6 crocodiles
  6 big kobolds
  17 giant frogs
  Dowan (D:6)
  A scorpion (D:11)
  31 killer bees
  4 wights
  An electric eel (Lair:2)
  A howler monkey (D:8)
  6 hounds
  2 centaur zombies
  6 crimson imps
  2 jellies
  A wasp zombie (D:8)
  9 orc wizards
  7 orc priests
  A centaur skeleton (D:11)
  2 giant frog skeletons
  9 iguanas
  5 worker ants
  3 yak simulacra (Lair:5)
  5 polar bear simulacra (Lair:5)
  2 wolf simulacra (Lair:5)
  10 sheep
  A howler monkey zombie (D:9)
  17 adders
  11 gnolls
  33 river rats
  A shadow imp (D:9)
  8 white imps
  2 oozes
  An adder skeleton (D:10)
  11 worms
  2 dart slugs
  2 giant geckos
  40 orcs
  2 bats
  6 giant cockroaches
  14 goblins
  9 hobgoblins
  4 jackals
  5 quokkas
  A giant gecko skeleton (D:7)
  3 giant newts
  36 kobolds
  6 rats (D:1)
  A river rat simulacrum (Lair:5)
554 creatures vanquished.

Vanquished Creatures (collateral kills)
  A hydra (Lair:1)
  A naga warrior (Lair:5)
  2 spiny frogs (Lair:3)
  The ghost of 4thArraOfDagon the Ruffian, a novice VSBe of Trog (Lair:1)
  A blink frog (Lair:2)
  A yak (Lair:3)
  3 hippogriffs (Lair:6)
  2 porcupines (Lair:3)
  4 swamp worms (Lair:6)
  2 water moccasins
  3 ice beasts
  An eye of draining (D:11)
  3 crocodiles
  A giant frog (Lair:2)
  2 orc priests
  An iguana (Lair:1)
  2 sheep (Lair:3)
  4 river rats
  7 white imps (Lair:2)
  A worm (Lair:6)
  4 orcs
  2 fungi
  2 plants (Lair:6)
51 creatures vanquished.

Vanquished Creatures (others)
  A lightning spire (D:3)
  A quokka (D:4)
  3 bushes
  3 plants
8 creatures vanquished.

Grand Total: 613 creatures vanquished

Notes
Turn   | Place    | Note
--------------------------------------------------------------
     0 | D:1      | namename2 the Ghoul Gladiator began the quest for the Orb.
     0 | D:1      | Reached XP level 1. HP: 17/17 MP: 0/0
   292 | D:1      | Reached XP level 2. HP: 24/24 MP: 1/1
   354 | D:1      | Reached skill level 4 in Unarmed Combat
   905 | D:2      | Reached XP level 3. HP: 29/29 MP: 2/2
   996 | D:2      | Reached skill level 5 in Unarmed Combat
  1095 | D:2      | Reached XP level 4. HP: 33/36 MP: 3/3
  1343 | D:3      | Reached skill level 6 in Unarmed Combat
  1371 | D:3      | Reached XP level 5. HP: 29/41 MP: 4/4
  1387 | D:3      | Noticed Sigmund
  1413 | D:3      | Killed Sigmund
  1413 | D:3      | Reached skill level 7 in Unarmed Combat
  1413 | D:3      | Reached XP level 6. HP: 33/48 MP: 5/5
  1490 | D:3      | Found a shattered altar of Ashenzari.
  1534 | D:3      | Found an oddly glowing altar of Pakellas.
  1541 | D:3      | Noticed an ice dragon
  1655 | D:3      | Found a glowing drain.
  1659 | Sewer    | Entered a sewer
  1747 | Sewer    | Reached skill level 8 in Unarmed Combat
  2194 | D:4      | Reached XP level 7. HP: 50/55 MP: 6/6
  2289 | D:4      | Reached skill level 9 in Unarmed Combat
  2410 | D:4      | Found a white marble altar of Elyvilon.
  2418 | D:4      | Noticed crauler's ghost (amateur KoSu)
  2439 | D:4      | Killed crauler's ghost
  2439 | D:4      | Reached skill level 10 in Unarmed Combat
  2439 | D:4      | Reached XP level 8. HP: 27/61 MP: 7/7
  2493 | D:4      | Found an opulent altar of Gozag.
  2496 | D:4      | Found Gozag's Platinum Reserve.
  2676 | D:4      | Found a radiant altar of Vehumet.
  2776 | D:4      | Found a white marble altar of Elyvilon.
  2943 | D:5      | Entered Level 5 of the Dungeon
  3264 | D:5      | Found an iron altar of Okawaru.
  3278 | D:5      | Noticed Eustachio
  4049 | D:6      | Reached skill level 5 in Fighting
  4157 | D:6      | Noticed Duvessa
  4167 | D:6      | Killed Duvessa
  4168 | D:6      | Noticed Dowan
  4176 | D:6      | Killed Dowan
  4516 | D:6      | Reached skill level 11 in Unarmed Combat
  4595 | D:6      | Found a sparkling altar of Nemelex Xobeh.
  4596 | D:6      | Found a staircase to the Ecumenical Temple.
  4608 | D:6      | Reached XP level 9. HP: 60/67 MP: 8/8
  4721 | D:6      | Found a sacrificial altar of Ru.
  4935 | D:6      | Found a burning altar of Makhleb.
  4938 | D:6      | Found an ancient bone altar of Kikubaaqudgha.
  4941 | D:6      | Found a glowing silver altar of Zin.
  4969 | Temple   | Entered the Ecumenical Temple
  5343 | D:6      | Became a worshipper of Kikubaaqudgha
  5649 | D:7      | Reached skill level 12 in Unarmed Combat
  5689 | D:7      | Noticed Menkaure
  5701 | D:7      | Killed Menkaure
  5799 | D:7      | Found a deep blue altar of Sif Muna.
  5951 | D:7      | Found a blossoming altar of Fedhas.
  6430 | D:7      | Reached skill level 13 in Unarmed Combat
  6529 | D:8      | Reached skill level 1 in Armour
  6595 | D:8      | Reached * piety under Kikubaaqudgha
  6595 | D:8      | Received a gift from Kikubaaqudgha
  6596 | D:8      | Identified Kikubaaqudgha's Papyrus of Evil Rituals (Kikubaaqudgha gifted it to you on level 8 of the Dungeon)
  6599 | D:8      | Found a flagged portal.
  6689 | Bailey   | Entered a bailey
  6733 | Bailey   | Noticed an orc knight
  6972 | Bailey   | Killed an orc knight
  6972 | Bailey   | Reached XP level 10. HP: 83/83 MP: 9/9
  7606 | Bailey   | Reached skill level 5 in Throwing
  7799 | D:8      | Noticed Grum
  8519 | D:9      | Found a snail-covered altar of Cheibriados.
  8562 | D:9      | Reached skill level 1 in Necromancy
  8565 | D:9      | Learned a level 1 spell: Animate Skeleton
  8566 | D:9      | Found Ettabora's Antique Weapon Shop.
  8766 | D:9      | Found a staircase to the Lair.
  8923 | D:9      | Reached ** piety under Kikubaaqudgha
  9066 | D:9      | Noticed an ice statue
  9140 | D:10     | Entered Level 10 of the Dungeon
  9209 | D:9      | Reached skill level 5 in Necromancy
  9249 | D:10     | Found Uwot's Book Boutique.
  9255 | D:10     | Learned a level 2 spell: Corpse Rot
  9278 | D:10     | Found Ytoil's Food Boutique.
  9411 | D:10     | Found Belefre's Magic Scroll Shop.
  9419 | D:10     | Bought a scroll of fear for 52 gold pieces
  9419 | D:10     | Bought a scroll of magic mapping for 52 gold pieces
  9526 | D:10     | Found Neghiuwa's Magic Scroll Shoppe.
  9526 | D:10     | Found a glowing golden altar of the Shining One.
  9555 | D:10     | Bought a scroll of recharging for 161 gold pieces
  9586 | D:10     | Found Qaaxt's Weapon Shoppe.
  9641 | D:10     | Noticed Gastronok
  9663 | D:10     | Killed Gastronok
  9663 | D:10     | Reached XP level 11. HP: 30/89 MP: 10/10
  9684 | D:10     | Found a shattered altar of Ashenzari.
  9891 | D:10     | Killed an unseen horror
  9921 | D:10     | Noticed a hill giant
  9930 | D:10     | Killed a hill giant
 10380 | D:11     | Killed an unseen horror
 10414 | D:11     | Noticed a cyclops
 10418 | D:11     | Reached *** piety under Kikubaaqudgha
 10418 | D:11     | Received a gift from Kikubaaqudgha
 10483 | D:11     | Killed a cyclops
 10517 | D:11     | Reached skill level 14 in Unarmed Combat
 10580 | D:11     | Identified Kikubaaqudgha's Handbook of Stolen Souls (Kikubaaqudgha gifted it to you on level 11 of the Dungeon)
 10765 | D:11     | Noticed a centaur warrior
 10782 | D:11     | Killed a centaur warrior
 10782 | D:11     | Reached skill level 5 in Armour
 10782 | D:11     | Reached XP level 12. HP: 62/101 MP: 11/11
 10981 | D:11     | Found a staircase to the Orcish Mines.
 11365 | D:12     | Noticed Snorg
 11388 | D:12     | Killed Snorg
 11525 | D:12     | Reached **** piety under Kikubaaqudgha
 12361 | D:12     | Noticed a four-headed hydra
 12367 | D:12     | Killed a four-headed hydra
 12680 | Lair:1   | Entered Level 1 of the Lair of Beasts
 12744 | Lair:1   | Noticed 4thArraOfDagon's ghost (novice VSBe)
 12760 | Lair:1   | Killed 4thArraOfDagon's ghost
 12874 | Lair:1   | Reached skill level 1 in Spellcasting
 12947 | Lair:1   | Noticed a six-headed hydra
 12956 | Lair:1   | Killed a six-headed hydra
 12956 | Lair:1   | Reached skill level 1 in Shields
 13030 | Lair:1   | Reached XP level 13. HP: 103/111 MP: 14/14
 13554 | Lair:1   | Reached ***** piety under Kikubaaqudgha
 13597 | Lair:2   | Found a frozen archway.
 13624 | IceCv    | Entered an ice cave
 13624 | IceCv    | Noticed Amnesiac's ghost (adept DEWz)
 13665 | IceCv    | Killed Amnesiac's ghost
 14074 | IceCv    | Learned a level 4 spell: Animate Dead
 14206 | IceCv    | Identified a +3 rod of inaccuracy (13/13) (You found it in an ice cave)
 14483 | Lair:2   | Reached skill level 15 in Unarmed Combat
 15023 | Lair:3   | Noticed Sonja
 15039 | Lair:3   | Killed Sonja
 15049 | Lair:3   | Found an ancient bone altar of Kikubaaqudgha.
 15522 | Lair:3   | Reached skill level 10 in Necromancy
 16081 | Lair:4   | Got a bloodstained scale mail
 16092 | Lair:4   | Identified the +1 scale mail of Leuxzoe {rF+ MR+} (You found it on level 4 of the Lair of Beasts)
 16122 | Lair:4   | Got an encrusted scale mail
 16133 | Lair:4   | Identified the +2 scale mail of Lies {-Cast rF+ rN++ Dex-5} (You found it on level 4 of the Lair of Beasts)
 16299 | Lair:4   | Found a staircase to the Swamp.
 16971 | Lair:5   | Reached XP level 14. HP: 112/118 MP: 16/16
 17245 | Lair:5   | Found a staircase to the Snake Pit.
 18070 | Lair:6   | Reached skill level 16 in Unarmed Combat
 18858 | Lair:6   | Reached ****** piety under Kikubaaqudgha
 18882 | Lair:6   | Slain by a swamp worm

Vault maps used:
D:1:      dpeg_arrival_rhombus, kennysheep_boxes
D:3:      gammafunk_pakellas_spire_experiment, lemuel_doored_altar,
          gup_sewer_entry_bowl, uniq_sigmund
D:4:      lemuel_coloured_pillars_altar, nicolae_gozag_zags_fifth_avenue,
          fiery_altar_vehumet, elyvilon_altar_4
D:5:      nicolae_overflow_hidden_temple, first_bread, uniq_eustachio
D:6:      kennysheep_mini, nemelex_deck, grunt_temple_overflow_diamond,
          minmay_temple_entry_large_hall, uniq_duvessa
D:7:      fedhas_altar_1, lemuel_blue_sif_altar, uniq_menkaure
D:8:      trog_ov_bears_minmay, lightli_bailey_entry_fortress, grunt_pizzeria,
          nicolae_sextant, uniq_grum, uniq_psyche
D:9:      lemuel_ice_statue, kennysheep_little_box, minmay_lair_entry_lava,
          serial_shops, nicolae_shop_crystal
D:10:     basic_altar, serial_shops, nicolae_shop_crystal, nicolae_shop_crystal,
          nicolae_shop_behind_doors, shop, nicolae_shop_behind_doors,
          evilmike_ruin_ashenzari, uniq_gastronok
D:11:     erik_orc_1
D:12:     special_room, uniq_snorg
Temple:   nicolae_temple_hex_pool_5
Lair:1:   grunt_megastairs_4, infiniplex_staircase_pool
Lair:2:   portal_ice_cave_entry_imps, st_stairs_10
Lair:3:   basic_altar, infiniplex_staircase_pool_2, grunt_megastairs_2,
          uniq_sonja
Lair:4:   swamp_mist_pool, ice2_lemuel
Lair:5:   dragon1_lemuel, minmay_snake_entry_guardpost_large,
          eino_house_with_fridge, lemuel_fruit_tree
Lair:6:   worms_lemuel, grunt_megastairs_3, serial_bayou_shore_a
Sewer:    sewer_the_crocodile
Bailey:   bailey_axe_4, bailey
IceCv:    ice_cave_statue_garden_02

Skill      XL: |  1  2  3  4  5  6  7  8  9 10 11 12 13 14 |
---------------+-------------------------------------------+-----
Unarmed Combat | 4 5 6 7 8 10 11 13 14 15 16 | 16.5
Fighting       | 6 8 9 |  9.0
Armour         | 2 3 5 6 7 |  7.0
Throwing       | 4 5 7 8 |  8.0
Dodging        | 6 7 |  7.6
Necromancy     | 5 8 10 | 10.0
Spellcasting   | 1 2 |  2.0
Shields        | 1 4 |  4.1

Action                   |  1- 3 |  4- 6 |  7- 9 | 10-12 | 13-15 || total
-------------------------+-------+-------+-------+-------+-------++-------
Melee: Unarmed           |    91 |   107 |   288 |   698 |   803 ||  1987
 Fire: Blowgun           |       |     6 |    17 |    44 |     4 ||    71
Throw: Stone             |    11 |       |   106 |    11 |       ||   128
       Tomahawk          |       |     8 |    17 |    35 |    71 ||   131
 Cast: Animate Skeleton  |       |       |       |    67 |    61 ||   128
       Corpse Rot        |       |       |       |     5 |     3 ||     8
       Animate Dead      |       |       |       |       |    13 ||    13
Invok: Receive Corpses   |       |       |       |    10 |    12 ||    22
  Use: Scroll            |       |     9 |     3 |     5 |    11 ||    28
       Potion            |       |     1 |     2 |     3 |     5 ||    11
 Stab: Distracted        |       |       |       |     2 |     8 ||    10
       Confused          |       |       |       |     1 |       ||     1
  Eat: Chunk             |     5 |     8 |    46 |   119 |    85 ||   263
